[Event "*** MasterClass Titled Tuesday Blitz"]
[Site "Chess.com"]
[Date "2017.11.07"]
[Round "5"]
[White "TheMagician"]
[Black "twitchTriniCupid"]
[Result "0-1"]
[WhiteElo "2253"]
[BlackElo "2102"]
[TimeControl "180+2"]
[EndTime "15:17:40 PST"]
[Termination "twitchTriniCupid won by resignation"]

1. d4 Nf6 2. Nf3 e6 3. g3 d5 4.
Bg2 c5 5. c4 cxd4 6. Nxd4 Bb4+ 7.
Bd2 Be7 8. cxd5 exd5 9. Nc3 Nc6 10. Be3 O-O 11. O-O Ne5 12. Bg5 Be6 13. Qb3 Nc4 14.
Rfd1 Qb6 15. Qxb6 Nxb6 16. Ndb5 Rfd8 17. e3 Rd7 18. h3 a6 19. Nd4 Rc8 20. Nce2 Nc4 21.
b3 Nd6 22. Nf4 Nde4 23. Bxe4 Nxe4 24. Ndxe6 fxe6 25. Bxe7 Rxe7 26. Rac1 Rf8 27. h4 g6 28.
Nd3 Ref7 29. Rc2 Kg7 30. Kg2 h6 31. Nf4 Re7 32. Rdc1 Rff7 33. Rc7 g5 34. Rxe7 Rxe7 35. hxg5 hxg5 36. Nd3 Rf7 37. f3 Nd6 38. g4 Kf6 39. Rf1 e5 40. f4 exf4 41. exf4 Ke7 42. f5 Ne4 43. Nb4 Kd6 44. Rd1 Nf6 45. Re1 Re7 46. Rxe7 Kxe7 47. Kf3 Kd6 48. Nd3 d4 49. a4 a5 50. b4 axb4 51. Nxb4 Kc5 52. Nd3+ Kd5 53. a5 Nd7 54. Nf2 Ne5+ 55. Ke2 Kc4 56. Kd2 Nf3+ 57.
Kc2 Ne5 58. Ne4 Nxg4 59. Nxg5 Ne3+ 60. Kd2 Nxf5 61. Ne6 Nd6 62. Nd8 Ne4+ 63. Ke2 Nc5 64. Kd2 Kb5 65. a6 bxa6 66. Nf7 Kc4 67. Ne5+ Kd5 68.
Nf3 Ke4 69. Ng5+ Kd5 70. Nf3 a5 71. Kc2 Kc4 72. Nd2+ Kb4 73. Kb2 a4 74. Nb1 Nd3+ 75. Ka2 Ne1 76. Kb2 d3 77. Nd2 Nc2 78. Nb1 a3+ 79. Ka2 Kc4 80. Nd2+ Kc3 81. Nb1+ Kd4 82. Kb3 Ke3 83. Nc3 Kd2 84. Ne4+ Ke3 85. Nc3 Kd4 86. Nb5+ Ke3 87. Nc3 Kf3 88. Na2 Ke2 89. Kc3 d2 90.
Kb3 Nd4+ 91. Kxa3 Kd3 92. Nb4+ Kc3 93. Nd5+ Kd3 94. Nf4+ Ke3 95. Nd5+ Kd3 96. Nb4+ Kc4 97. Nd3 Kxd3 98. Kb4 d1=Q 99. Kc5 Qc1+ 100. Kd5 Nb3 101.
Ke5 Qc5+ 102. Kf4 Qe3+ 103. Kf5 Nd4+ 0-1

[Event "*** MasterClass Titled Tuesday Blitz"]
[Site "Chess.com"]
[Date "2017.11.07"]
[Round "5"]
[White "Alexander_Donchenko"]
[Black "Iball95"]
[Result "1-0"]
[WhiteElo "2662"]
[BlackElo "2582"]
[TimeControl "180+2"]
[EndTime "15:17:41 PST"]
[Termination "Alexander_Donchenko won by resignation"]

1. Nf3 c5 2. c4 Nf6 3. Nc3 Nc6 4.
g3 g6 5. Bg2 Bg7 6. d4 cxd4 7.
Nxd4 O-O 8. O-O Qa5 9. Nb3 Qh5 10.
e4 d6 11. Qxh5 Nxh5 12. Be3 Be6 13. Nd2 Rfc8 14. Rac1 Nf6 15. Rfd1 Ng4 16. Bg5 h6 17. Bf4 g5 18. Be3 Nxe3 19. fxe3 Ne5 20. b3 Nd3 21.
Rc2 Nb4 22. Rcc1 Bxc3 23. Rxc3 Nxa2 24. Rc2 Nb4 25. Rcc1 Rc7 26. Nb1 a6 27. Nc3 Rac8 28.
Ne2 b5 29. cxb5 Rxc1 30. Rxc1 Rxc1+ 31. Nxc1 axb5 32. Bf1 Bd7 33. Kf2 Kg7 34. Ke1 Na6 35. Kd2 Nc5 36. Bd3 Bc6 37. e5 dxe5 38. Bf1 f5 39. b4 Ne4+ 40. Kc2 Nd6 41. Kc3 Kf6 42. Nb3 f4 43. Kd3 Bd5 44. Nd2 Bf7 45. Bg2 Bg6+ 46.
e4 Bf7 47. Kc3 Nc4 48. Nxc4 Bxc4 49. Bf3 Be6 50. g4 h5 51. h3 Bc4 52. gxh5 Bf1 53. Bg4 Bg2 54. Kd3 Bf1+ 55. Kd2 Bc4 56. Ke1 Kg7 57.
Kf2 Kh6 58. Kf3 Bd3 59. Bd7 Kxh5 60. Bg4+ Kh4 61. Bd7 Bf1 62. Kf2 Bxh3 63. Bxb5 g4 64. Be2 g3+ 65. Kg1 g2 66. Kh2 Bc8 67. Kxg2 Bb7 68.
Kf3 Kg5 69. Bc4 Kf6 70. Bd5 Ba6 71. Bc6 Ke6 72. b5 Bc8 73. b6 Kd6 74. b7 Bxb7 75. Bxb7 Ke6 76. Bc8+ Kf6 77. Kg4 Kg6 78. Be6 Kf6 79.
Bd7 Kg6 80. Be8+ Kf6 81. Bh5 Ke6 82. Kg5 Kd6 83. Kf5 e6+ 84. Kf6 1-0

[Event "*** MasterClass Titled Tuesday Blitz"]
[Site "Chess.com"]
[Date "2017.11.07"]
[Round "5"]
[White "rpragchess"]
[Black "champ2005"]
[Result "0-1"]
[WhiteElo "2284"]
[BlackElo "2466"]
[TimeControl "180+2"]
[EndTime "15:17:54 PST"]
[Termination "champ2005 won by resignation"]

1. e4 c6 2. d4 d5 3. exd5 cxd5 4.
Bd3 Nc6 5. c3 Nf6 6. Nf3 g6 7.
O-O Bg7 8. h3 O-O 9. Re1 Bf5 10. Bf1 Ne4 11. Be3 Qb6 12. Qb3 Qxb3 13. axb3 Bd7 14. b4 a6 15. Nbd2 Nxd2 16. Bxd2 e6 17.
Bf4 Rfc8 18. Nd2 Nd8 19. Ra5 Nc6 20. Ra3 Na7 21. Bd3 Nb5 22. Ra5 Bf8 23. Rea1 Nd6 24.
Bxd6 Bxd6 25. Nb3 Rab8 26. b5 Bc7 27. bxa6 Bxa5 28. a7 Ra8 29. Rxa5 Rc7 30. Kh2 b6 31. Ra6 Rb7 32. Ra1 Rbxa7 33. Rb1 Ba4 34. Nc1 Be8 35.
Nb3 Ra2 36. Kg3 f6 37. Kf4 Kf7 38. g4 h6 39. h4 g5+ 40. Kg3 Kg7 41. f4 Bg6 42. f5 exf5 43. gxf5 Bf7 44. Bb5 Be8 45. Bd3 Bd7 46. Kf3 Re8 47. Nc1 Ra7 48. Ne2 Bc8 49.
Bb5 Bd7 50. Bd3 Bc6 51. Ng3 Rae7 52. Kf2 Re3 53. Bf1 R3e7 54. Nh5+ Kf7 55. Bd3 Re3 56. Bf1 Bd7 57. hxg5 hxg5 58. Ng3 R3e7 59. Bg2 Bc6 60. Ra1 Ra8 61. Rh1 Kg8 62. Rh6 Rf8 63. Nh5 Ref7 64.
Rg6+ Kh7 65. c4 Bd7 66. Bxd5 Bxf5 67. Bxf7 Bxg6 68. Bxg6+ Kxg6 69. Ng3 Rc8 70. b3 Ra8 71. Ne4 Ra3 72. Nd2 Kf5 73. d5 Ke5 74. Ke3 f5 75.
Nf3+ Kf6 76. Nd4 f4+ 77. Ke4 Ra8 78. b4 Re8+ 79. Ne6 Rc8 80. c5 bxc5 81. bxc5 Re8 82. Kd4 Rxe6 83. d6 Rxd6+ 84. cxd6 Ke6 0-1

[Event "*** MasterClass Titled Tuesday Blitz"]
[Site "Chess.com"]
[Date "2017.11.07"]
[Round "5"]
[White "amurdercastle"]
[Black "ChristopherYoo"]
[Result "0-1"]
[WhiteElo "2292"]
[BlackElo "2263"]
[TimeControl "180+2"]
[EndTime "15:18:26 PST"]
[Termination "ChristopherYoo won by checkmate"]

1. d4 Nf6 2. Bg5 d5 3. Nd2 c5 4. e3 Nc6 5. c3 e6 6. Bd3 Be7 7.
f4 O-O 8. Ngf3 Ng4 9. Bxe7 Qxe7 10. Qe2 f5 11. O-O Nf6 12. Ne5 Ne4 13. Nxe4 fxe4 14.
Bc2 Nxe5 15. fxe5 Bd7 16. Qg4 cxd4 17. cxd4 Bb5 18. Rfc1 Rac8 19. Bb3 Rc6 20. Rxc6 Bxc6 21. Rc1 a5 22. Qg3 a4 23. Bd1 Qb4 24. Bg4 Bd7 25. Rc2 Rc8 26. Rxc8+ Bxc8 27. Qf2 a3 28. bxa3 Qxa3 29.
h4 Qe7 30. Kh2 Bd7 31. Bh3 Bc6 32. Qf4 Bd7 33. Qg4 b5 34. g3 b4 35. Qe2 Qe8 36. Qa6 Qc8 37. Qb6 Qc2+ 38. Bg2 Qc8 39. Qxb4 Qa8 40.
a3 Qa6 41. Qb8+ Kf7 42. Qc7 Qa4 43. Qc5 Qb3 44. Qd6 Qa4 45. g4 h6 46. h5 Qb5 47. Qb4 Qd3 48. Qb7 Ke7 49. Qb4+ Kf7 50. Qd6 Qb5 51. Qc7 Qa4 52. Qd8 Qb5 53. g5 hxg5 54. Qxg5 Qe2 55. Qg6+ Kf8 56. h6 gxh6 57. Qxh6+ Ke7 58. Qf6+ Ke8 59. Qh8+ Ke7 60. Qg7+ Ke8 61. Qg8+ Ke7 62. Qg5+ Ke8 63. Kg3 Qe1+ 64. Kg4 Qe2+ 65. Kh4 Qf2+ 66. Kh5 Qe2+ 67. Kh6 Qf2 68. Bh3 Qf8+ 69.
Qg7 Qf3 70. Qg6+ Kd8 71. Qg5+ Kc7 72. Bg4 Qg3 73. Kg6 Qg2 74. Kf7 Qf2+ 75. Ke7 Qg3 76. Kf7 Qg1 77. Qg6 Qxe3 78. Bxe6 Bxe6+ 79. Kxe6 Qxd4 80. Qg7+ Kb6 81. Qd7 e3 82. Qd6+ Kb5 83. Kd7 e2 84. e6 e1=Q 85. e7 Qg4+ 86. Kd8 Qg8+ 87. Kd7 Qg4+ 88. Kd8 Qge4 89. Qd7+ Kc4 90. a4 d4 91.
Qc7+ Kb3 92. Qb6+ Kxa4 93. Qa6+ Qa5+ 94. Qxa5+ Kxa5 95. e8=Q Qxe8+ 96. Kxe8 d3 97. Kd7 d2 98. Kc6 d1=Q 99. Kb7 Qd6 100. Ka8 Qd7 101. Kb8 Kb6 102. Ka8 Qc8# 0-1

[Event "*** MasterClass Titled Tuesday Blitz"]
[Site "Chess.com"]
[Date "2017.11.07"]
[Round "5"]
[White "gammagramma"]
[Black "VerdeNotte"]
[Result "1/2-1/2"]
[WhiteElo "2442"]
[BlackElo "2658"]
[TimeControl "180+2"]
[EndTime "15:19:24 PST"]
[Termination "Game drawn by stalemate"]

1. d4 Nf6 2. c4 e6 3. Nc3 Bb4 4.
e3 O-O 5. Ne2 d5 6. a3 Bd6 7.
Ng3 c5 8. dxc5 Bxc5 9. cxd5 exd5 10. Bd3 Nc6 11. Nh5 Be6 12. Nxf6+ Qxf6 13. O-O Rfd8 14. Bd2 Rac8 15. Rc1 Bd6 16. Nb5 Be5 17. Bc3 a6 18. Bxe5 Qxe5 19. Nd4 Nxd4 20. exd4 Rxc1 21. dxe5 Rxd1 22.
Rxd1 Rc8 23. f4 Bg4 24. Rd2 g6 25. Kf2 Kf8 26. Ke3 Ke7 27. Kd4 Bf5 28. Bxf5 gxf5 29. b3 Ke6 30. Rd3 Rc2 31. Rh3 Rd2+ 32. Kc5 Rc2+ 33.
Kb6 d4 34. Kxb7 Rc3 35. Rh6+ Kd5 36. Rxh7 d3 37. Rxf7 Rxb3+ 38. Kxa6 Rxa3+ 39. Kb5 Rb3+ 40. Ka4 Rb6 41. Ka5 Rg6 42. Kb4 Kd4 43. Rd7+ Ke3 44. h4 d2 45. h5 Rb6+ 46. Kc5 Rb1 47. e6 Rc1+ 48. Kb6 Rb1+ 49. Kc7 Rc1+ 50. Kb6 Rb1+ 51. Kc6 Rc1+ 52. Kb7 Rb1+ 53. Kc8 Rc1+ 54. Kd8 d1=Q 55. Rxd1 Rxd1+ 56. Ke7 Kxf4 57. Kf6 Rd8 58. h6 Kg4 59. h7 f4 60. Kg7 Kg3 61. e7 Re8 62. h8=Q Rxe7+ 63. Kf6 Re2 64. Qh3+ Kf2 65. Kf5 Kg1 66. Kxf4 Rxg2 67.
Kf3 Rf2+ 68. Ke3 Rg2 69. Qh4 Rg8 70. Qf2+ Kh1 71. Qf1+ Kh2 72. Qf4+ Kg1 73. Kf3 Rg2 74. Qh4 Rg8 75. Qe1+ Kh2 76. Qe5+ Kg1 77. Qc5+ Kh1 78. Qh5+ Kg1 79. Qc5+ Kh1 80. Qc6 Rg2 81. Qh6+ Kg1 82. Qe3+ Kh2 83. Qe1 Ra2 84. Qe5+ Kg1 85. Qg7+ Kf1 86.
Qd4 Ra3+ 87. Ke4 Rh3 88. Qg7 Kf2 89. Kf4 Rh4+ 90. Kf5 Rh3 91. Qb2+ Kf3 92. Qc3+ Kg2 93. Qd2+ Kf3 94. Qd3+ Kg2 95. Qe2+ Kg3 96. Kg5 Rh2 97. Qf1 Rg2 98. Qf4+ Kh3+ 99. Kh5 Rg3 100. Qf1+ Rg2 101. Qh1+ Kg3 102. Qf1 Rf2 103. Qg1+ Rg2 104. Qe3+ Kh2 105. Kh4 Kh1 106. Kh3 Rh2+ 107. Kg4 Rg2+ 108. Kf3 Rg3+ 109. Kxg3 1/2-1/2

[Event "*** MasterClass Titled Tuesday Blitz"]
[Site "Chess.com"]
[Date "2017.11.07"]
[Round "6"]
[White "thegreendog"]
[Black "amurdercastle"]
[Result "1-0"]
[WhiteElo "2349"]
[BlackElo "2285"]
[TimeControl "180+2"]
[EndTime "15:21:34 PST"]
[Termination "thegreendog won by resignation"]

1. d4 d5 2. c4 e6 3. Nf3 Nf6 4. g3 Bb4+ 5. Bd2 Be7 6. Bg2 O-O 7.
O-O c6 8. Qb3 Ne4 9. Rc1 f5 10.
Nc3 Nd7 11. Be1 g5 12. e3 g4 13. Nd2 h5 14. cxd5 exd5 15. Ndxe4 fxe4 16. Nxe4 h4 17. Nc3 Bd6 18. Nxd5 cxd5 19. Qxd5+ 1-0

[Event "*** MasterClass Titled Tuesday Blitz"]
[Site "Chess.com"]
[Date "2017.11.07"]
[Round "6"]
[White "popov_m"]
[Black "pKiLz5Rn9b"]
[Result "0-1"]
[WhiteElo "2473"]
[BlackElo "2574"]
[TimeControl "180+2"]
[EndTime "15:22:15 PST"]
[Termination "pKiLz5Rn9b won by resignation"]

1. d4 Nf6 2. Nf3 e6 3. c4 b6 4. g3 Bb7 5. Bg2 Be7 6. O-O O-O 7. Nc3 Ne4 8. Bd2 d5 9. cxd5 exd5 10. Rc1 Na6 11.
Bf4 c5 12. Ne5 Re8 13. Qb3 c4 14. Qc2 Nxc3 15. bxc3 Qc8 16. Bh3 Qxh3 0-1

[Event "*** MasterClass Titled Tuesday Blitz"]
[Site "Chess.com"]
[Date "2017.11.07"]
[Round "6"]
[White "champ2005"]
[Black "LastHeroJr"]
[Result "1/2-1/2"]
[WhiteElo "2464"]
[BlackElo "2393"]
[TimeControl "180+2"]
[EndTime "15:22:26 PST"]
[Termination "Game drawn by agreement"]

1. e4 e5 2. Nf3 Nc6 3. Bb5 a6 4.
Ba4 Nf6 5. O-O Be7 6. Re1 b5 7. Bb3 O-O 8. h3 d6 9. c3 Na5 10. Bc2 c5 11. d4 Nd7 12. Nbd2 exd4 13. cxd4 Nc6 14. d5 Nce5 15. Nxe5 Nxe5 16. f4 Ng6 17. Nf3 Bh4 18. Nxh4 Qxh4 19. Rf1 Bxh3 20. gxh3 Qg3+ 21. Kh1 1/2-1/2

[Event "*** MasterClass Titled Tuesday Blitz"]
[Site "Chess.com"]
[Date "2017.11.07"]
[Round "6"]
[White "Giorno"]
[Black "FearNoEvil12"]
[Result "1-0"]
[WhiteElo "2328"]
[BlackElo "2016"]
[TimeControl "180+2"]
[EndTime "15:23:39 PST"]
[Termination "Giorno won by checkmate"]

1. e4 a6 2. d4 b5 3. Nd2 Bb7 4. Ngf3 e6 5. Bd3 Nf6 6. Qe2 d6 7. c3 Nbd7 8. O-O Rg8 9. e5 Nd5 10. Ne4 h6 11. a4 bxa4 12. Rxa4 g5 13. exd6 cxd6 14. Bxa6 Rxa6 15. Rxa6 Nb8 16. Ra7 Qb6 17. Rxb7 Qxb7 18. c4 Nd7 19. cxd5 Qxd5 20. Nc3 Qf5 21. d5 g4 22. Nd4 Qg6 23. dxe6 Ne5 24. Qb5+ Ke7 25.
Nd5+ Kd8 26. Qb8# 1-0

[Event "*** MasterClass Titled Tuesday Blitz"]
[Site "Chess.com"]
[Date "2017.11.07"]
[Round "6"]
[White "Saitama_Hero"]
[Black "AllStarShark"]
[Result "0-1"]
[WhiteElo "2141"]
[BlackElo "2274"]
[TimeControl "180+2"]
[EndTime "15:23:45 PST"]
[Termination "AllStarShark won by resignation"]

1. d4 d5 2. Nf3 Nf6 3. c4 dxc4 4. e3 Bg4 5. Bxc4 e6 6. Nc3 Nc6 7. h3 Bh5 8. g4 Bg6 9. h4 Nxg4 10. h5 Bf5 11. e4 Nxf2 12. Kxf2 Bg4 13. Be3 Be7 14. Bb5 O-O 15. Bxc6 bxc6 16. Qd2 f5 17. Ne5 fxe4+ 18.
Kg3 Bf3 19. Rh2 Bd6 20. Rg1 Qf6 21. Kf2 Bxe5 22. dxe5 Qxe5 23. Ke1 Rad8 24. Qf2 Qxc3+ 0-1

[Event "*** MasterClass Titled Tuesday Blitz"]
[Site "Chess.com"]
[Date "2017.11.07"]
[Round "6"]
[White "evgenysharapov"]
[Black "MFBerna"]
[Result "1-0"]
[WhiteElo "2253"]
[BlackElo "2301"]
[TimeControl "180+2"]
[EndTime "15:23:51 PST"]
[Termination "evgenysharapov won by resignation"]

1. e4 e5 2. Nf3 Nc6 3. Bb5 Nf6 4. d3 Bc5 5. c3 d6 6. d4 exd4 7. cxd4 Bb4+ 8. Bd2 Bxd2+ 9. Nbxd2 O-O 10. O-O Bg4 11. d5 Nd4 12. Be2 Nxe2+ 13. Qxe2 Re8 14. Qd3 Bh5 15. Rfe1 Bg6 16. Qc4 Re7 17. Re2 Nd7 18. Rae1 Bh5 19. Re3 f6 20. Nd4 Bf7 21. Nf5 Re8 22. f4 Kh8 23. Nf3 c6 24. Nxd6 Rf8 25. Nxf7+ Rxf7 26. dxc6 1-0

[Event "*** MasterClass Titled Tuesday Blitz"]
[Site "Chess.com"]
[Date "2017.11.07"]
[Round "6"]
[White "lukas_111111"]
[Black "KamilPlichta"]
[Result "1/2-1/2"]
[WhiteElo "2358"]
[BlackElo "2562"]
[TimeControl "180+2"]
[EndTime "15:23:53 PST"]
[Termination "Game drawn by repetition"]

1. d4 Nf6 2. Nf3 g6 3. g3 Bg7 4.
Bg2 O-O 5. O-O d6 6. c4 Nbd7 7. Nc3 e5 8. e4 exd4 9. Nxd4 Re8 10. h3 Nc5 11. Re1 c6 12. Qc2 a5 13. Be3 Nfd7 14. Rad1 a4 15. f4 Qa5 16. Nde2 Nb6 17. b3 axb3 18.
axb3 Qb4 19. Rb1 f5 20. Bd2 Qa3 21. Bc1 Qb4 22. Bd2 Qa3 23. Bc1 Qb4 24. Bd2 1/2-1/2

[Event "*** MasterClass Titled Tuesday Blitz"]
[Site "Chess.com"]
[Date "2017.11.07"]
[Round "6"]
[White "AndrewMcStone"]
[Black "chessking2151"]
[Result "1-0"]
[WhiteElo "2102"]
[BlackElo "2367"]
[TimeControl "180+2"]
[EndTime "15:24:05 PST"]
[Termination "AndrewMcStone won by resignation"]

1. d4 Nf6 2. c4 c5 3. d5 b5 4. cxb5 a6 5. f3 axb5 6. e4 Qa5+ 7. Bd2 b4 8. Na3 d6 9. Nc4 Qd8 10. a3 bxa3 11. Rxa3 Rxa3 12. bxa3 g6 13. Qa4+ Bd7 14.
Qa7 Qc8 15. Nb6 Qd8 16. Ba5 Nc6 17. dxc6 Bxc6 18. Nd5 Qc8 19. Ba6 1-0

[Event "*** MasterClass Titled Tuesday Blitz"]
[Site "Chess.com"]
[Date "2017.11.07"]
[Round "6"]
[White "dretch"]
[Black "Genghis_K"]
[Result "0-1"]
[WhiteElo "2597"]
[BlackElo "2661"]
[TimeControl "180+2"]
[EndTime "15:24:24 PST"]
[Termination "Genghis_K won by resignation"]

1. d4 d5 2. c4 e6 3. Nc3 Bb4 4. a3 Bxc3+ 5. bxc3 Nf6 6. e3 c6 7. Bd3 O-O 8. Ne2 b6 9. O-O Ba6 10. cxd5 Bxd3 11. Qxd3 cxd5 12. f3 Nc6 13. e4 Rc8 14.
Bg5 h6 15. Bh4 e5 16. exd5 Qxd5 17. Bxf6 gxf6 18. Qf5 Qe6 19. Qh5 exd4 20. Ng3 Qe3+ 21.
Kh1 Qg5 22. Qh3 dxc3 23. f4 Qg6 24. f5 Qg7 25. Nh5 Qg5 26. Rf3 Kh8 27. Rxc3 Ne5 28. Rg3 Rc1+ 0-1

[Event "*** MasterClass Titled Tuesday Blitz"]
[Site "Chess.com"]
[Date "2017.11.07"]
[Round "6"]
[White "wanyaland"]
[Black "rpragchess"]
[Result "1-0"]
[WhiteElo "2258"]
[BlackElo "2259"]
[TimeControl "180+2"]
[EndTime "15:25:10 PST"]
[Termination "wanyaland won by resignation"]

1. d4 Nf6 2. c4 e6 3. g3 d5 4. Bg2 dxc4 5. Nf3 c5 6. Qa4+ Bd7 7.
Qxc4 Bc6 8. O-O Nbd7 9. dxc5 Bxc5 10. Nc3 O-O 11. Bf4 Qe7 12. Rad1 Nb6 13. Qb3 Rfd8 14. Ne5 Bxg2 15. Kxg2 Nfd5 16. Nxd5 Nxd5 17. Bc1 Rac8 18. e4 Nf6 19. f3 Bd4 20. Nd3 e5 21. Rfe1 h6 22.
Be3 b6 23. Bxd4 Rxd4 24. Nf2 Rdc4 25. Rd2 Nd7 26. Red1 Nf8 27. Ng4 R4c5 28. Ne3 Qe8 29. Nf5 Qc6 30. Ne7+ 1-0

[Event "*** MasterClass Titled Tuesday Blitz"]
[Site "Chess.com"]
[Date "2017.11.07"]
[Round "6"]
[White "Hanging_pointer"]
[Black "Abdodi"]
[Result "1-0"]
[WhiteElo "2348"]
[BlackElo "2125"]
[TimeControl "180+2"]
[EndTime "15:25:23 PST"]
[Termination "Hanging_pointer won by resignation"]

1. e4 c6 2. Nf3 d5 3. Nc3 dxe4 4. Nxe4 Bg4 5. h3 Bxf3 6. Qxf3 Nf6 7. Bc4 e6 8. O-O Nbd7 9. d4 Nxe4 10. Qxe4 Nf6 11. Qf4 Bd6 12. Qf3 O-O 13. Bb3 Qa5 14. c4 Rad8 15. Bc2 e5 16. Bg5 exd4 17. Bxf6 gxf6 18. Bf5 h6 19. Qh5 Bf4 20. Bh7+ Kxh7 21. Qxa5 a6 22.
Qf5+ 1-0

[Event "*** MasterClass Titled Tuesday Blitz"]
[Site "Chess.com"]
[Date "2017.11.07"]
[Round "6"]
[White "MartinZumsande"]
[Black "Divertissement"]
[Result "1/2-1/2"]
[WhiteElo "2438"]
[BlackElo "2412"]
[TimeControl "180+2"]
[EndTime "15:25:31 PST"]
[Termination "Game drawn by agreement"]

1. e4 c5 2. c3 e6 3. d4 d5 4.
exd5 exd5 5. Nf3 Nc6 6. Bb5 cxd4 7. Nxd4 Bd7 8. O-O Be7 9. Re1 Nf6 10. Qe2 Nxd4 11.
cxd4 Bxb5 12. Qxb5+ Qd7 13. Qxd7+ Kxd7 14. Nc3 Bb4 15.
Bd2 Bxc3 16. Bxc3 Rhe8 17. f3 Rxe1+ 18. Rxe1 Re8 19. Kf2 Rxe1 20. Bxe1 Ne8 21. Bb4 Nc7 22. Ke3 Ke6 23. h4 g6 24. g4 f6 25. Kf4 Nb5 26. Ke3 b6 27. a4 Nc7 28. b3 a6 29. Bf8 Kf7 30. Bd6 Ne8 31. Bb8 Ke6 32. Kd3 Kd7 33. Kc3 1/2-1/2

[Event "*** MasterClass Titled Tuesday Blitz"]
[Site "Chess.com"]
[Date "2017.11.07"]
[Round "6"]
[White "GMHess"]
[Black "florianschwabeneder"]
[Result "1-0"]
[WhiteElo "2573"]
[BlackElo "2430"]
[TimeControl "180+2"]
[EndTime "15:25:39 PST"]
[Termination "GMHess won by resignation"]

1. d4 d5 2. Nf3 Nf6 3. g3 e6 4. Bg2 Be7 5. O-O b5 6. a4 b4 7. c4 bxc3 8. Nxc3 O-O 9. Bf4 c5 10. Nb5 Na6 11. Rc1 Bd7 12. Ne5 c4 13. b3 cxb3 14.
Qxb3 Be8 15. Nc6 Bxc6 16. Rxc6 Nb8 17. Rc2 a6 18. Nc7 Ra7 19. Qb6 Rxc7 20. Bxc7 Qe8 21.
Rfc1 Nbd7 22. Qxa6 Ne4 23. Bxe4 dxe4 24. Qb5 Ba3 25.
Ra1 Qe7 26. Rxa3 Qxa3 27. Qxd7 Qb3 28. Qc6 e3 29. Bd6 exf2+ 30. Kxf2 1-0

[Event "*** MasterClass Titled Tuesday Blitz"]
[Site "Chess.com"]
[Date "2017.11.07"]
[Round "6"]
[White "Taron_Shagbazyan"]
[Black "Aygehovit1992"]
[Result "0-1"]
[WhiteElo "2556"]
[BlackElo "2534"]
[TimeControl "180+2"]
[EndTime "15:25:43 PST"]
[Termination "Aygehovit1992 won by resignation"]

1. d4 d6 2. c4 Nf6 3. Nc3 g6 4. g3 Bg7 5. Bg2 O-O 6. e3 Nc6 7. Nge2 e5 8. O-O Qe7 9. d5 Nb8 10. e4 a5 11. h3 Na6 12. Be3 Nh5 13. Qd2 Nc5 14. Rae1 f5 15. exf5 gxf5 16. f4 e4 17. Kh2 Bd7 18. Nd4 Nd3 19. Rd1 c5 20. Ndb5 Rf6 21.
Qe2 Rh6 22. Bf2 Nxf2 23. Rxf2 Kh8 24. Qe3 Rg8 25. a4 Nxg3 26. Qxg3 Bd4 27. Nxd4 Rxg3 0-1

[Event "*** MasterClass Titled Tuesday Blitz"]
[Site "Chess.com"]
[Date "2017.11.07"]
[Round "6"]
[White "Jadeit90"]
[Black "twitchTriniCupid"]
[Result "1-0"]
[WhiteElo "2304"]
[BlackElo "2098"]
[TimeControl "180+2"]
[EndTime "15:25:44 PST"]
[Termination "Jadeit90 won by resignation"]

1. g3 Nf6 2. Bg2 e5 3. c4 Bb4 4.
Nc3 Bxc3 5. dxc3 O-O 6. Nf3 d6 7. O-O h6 8. c5 e4 9. Nd2 d5 10. Nb3 Qe7 11. Bf4 c6 12. Bd6 Qe8 13. Bxf8 Qxf8 14.
Qd4 Nbd7 15. f3 exf3 16. exf3 a5 17. a4 Qd8 18. Rfe1 Nf8 19. Qd2 Bf5 20. Nd4 Bd7 21.
Re2 Ne6 22. Nxe6 Bxe6 23. Rae1 Nd7 24. Qd4 Qf8 25. b4 axb4 26. cxb4 Rxa4 27. Ra1 Nxc5 28.
Rxa4 Nxa4 29. Ra2 b5 30. Rc2 Qd6 31. f4 Bf5 32. Rc1 Bd7 33. Re1 f6 34. h4 Kf7 35.
Kh2 Qc7 36. Rc1 Nb6 37. Bxd5+ Nxd5 38. Qxd5+ 1-0

[Event "*** MasterClass Titled Tuesday Blitz"]
[Site "Chess.com"]
[Date "2017.11.07"]
[Round "6"]
[White "Ar4uha"]
[Black "ChadBiryani"]
[Result "1-0"]
[WhiteElo "2422"]
[BlackElo "2164"]
[TimeControl "180+2"]
[EndTime "15:26:04 PST"]
[Termination "Ar4uha won on time"]

1. e4 d5 2. exd5 Qxd5 3. Nf3 Nf6 4. Be2 a6 5. O-O g6 6. d4 Bg7 7. c4 Qd8 8. Nc3 O-O 9. h3 b6 10. Ne5 c6 11. Bf3 Bb7 12. Bf4 Qc8 13. Qb3 Nbd7 14. Rfe1 b5 15. Rac1 Nxe5 16. dxe5 bxc4 17. Qxc4 Ne8 18.
Na4 Qd8 19. Rcd1 Qa5 20. Nc5 Bc8 21. b4 Qb6 22. h4 a5 23. a3 axb4 24. Qxb4 Qa7 25.
a4 Rb8 26. Qc3 Bb7 27. Nd7 Nc7 28. Nxf8 Rxf8 29. Bxc6 Ba6 30. Be3 Qb8 31. Rb1 Qc8 32. Bb5 Nxb5 33. Qxc8 Bxc8 34. axb5 Bb7 35. b6 Rb8 36. e6 f5 37. Bf4 Ra8 38. Rbc1 Ra6 39. Rc7 Rxb6 40. Rxe7 Bf6 41. Rf7 Bxh4 42. Bh6 1-0

[Event "*** MasterClass Titled Tuesday Blitz"]
[Site "Chess.com"]
[Date "2017.11.07"]
[Round "6"]
[White "MagnusCarlsen"]
[Black "Alexander_Moskalenko"]
[Result "1-0"]
[WhiteElo "3035"]
[BlackElo "2689"]
[TimeControl "180+2"]
[EndTime "15:26:17 PST"]
[Termination "MagnusCarlsen won by resignation"]

1. e4 c6 2. d4 d5 3. e5 c5 4. Nf3 Nc6 5. c4 cxd4 6. Nxd4 e6 7. Nc3 Bc5 8. Nxc6 bxc6 9. Qg4 Ne7 10. Bd3 O-O 11. O-O Ng6 12. Na4 Nxe5 13. Bxh7+ Kxh7 14. Qh5+ Kg8 15. Nxc5 Nxc4 16. b3 Nd6 17. Bb2 f6 18.
f4 Qe8 19. Qe2 Qg6 20. Rae1 Re8 21. Rf3 Nf5 22. Qf2 a5 23. h3 Kf7 24. Kh2 Nd6 25.
Rfe3 Nf5 26. R3e2 Nd6 27. Bc3 Nb7 28. f5 Qg5 29. Bd2 Qh5 30. g4 Qh7 31. Nxb7 Bxb7 32.
Qb6 Ba6 33. Rxe6 Qh4 34. Qc7+ Kf8 35. Qd6+ Kf7 36. Qd7+ Kg8 1-0

[Event "*** MasterClass Titled Tuesday Blitz"]
[Site "Chess.com"]
[Date "2017.11.07"]
[Round "6"]
[White "chidori_boruto"]
[Black "PenguinPacks"]
[Result "0-1"]
[WhiteElo "2511"]
[BlackElo "2182"]
[TimeControl "180+2"]
[EndTime "15:26:19 PST"]
[Termination "PenguinPacks won by resignation"]

1. d4 Nf6 2. Nf3 c5 3. c3 d5 4. Bf4 Nc6 5. e3 Qb6 6. Qb3 c4 7. Qc2 Bf5 8. Qc1 h6 9. Nbd2 e6 10. b3 cxb3 11. axb3 Rc8 12. Qb2 Nh5 13. Bg3 Nxg3 14.
hxg3 Bd6 15. Be2 Qc7 16. O-O g5 17. c4 f6 18. Rfe1 h5 19. c5 Be7 20. b4 h4 21.
gxh4 g4 22. Nh2 g3 23. fxg3 Qxg3 24. Ndf1 Qxh4 25. b5 Nb8 26. Bf3 Kf7 27. Qf2 b6 28. Qxh4 Rxh4 29. c6 a6 30. bxa6 Nxc6 31. Rec1 Rhh8 32.
a7 Nxa7 33. Rxc8 Nxc8 34. Ra8 Re8 35. Nd2 Nd6 36. Rxe8 Kxe8 37. Be2 Kd7 38. Kf2 Kc6 39.
g4 Ne4+ 40. Ke1 Bg6 41. Nhf3 Bb4 42. Kd1 Nc3+ 43. Ke1 Nxe2 44. Kxe2 Bc2 45. Ne1 Ba4 46. Nd3 Bd6 47. Nb1 b5 48. Nc3 Bb3 49. Nf4 Kd7 50. Nxb5 Bc4+ 51. Kf3 Bxb5 0-1

[Event "*** MasterClass Titled Tuesday Blitz"]
[Site "Chess.com"]
[Date "2017.11.07"]
[Round "6"]
[White "Khamrakulov_Djurabek"]
[Black "DanielNaroditsky"]
[Result "0-1"]
[WhiteElo "2601"]
[BlackElo "2733"]
[TimeControl "180+2"]
[EndTime "15:26:20 PST"]
[Termination "DanielNaroditsky won by resignation"]

1. e4 e5 2. Nf3 Nc6 3. d4 exd4 4. Nxd4 Bc5 5. Be3 Qf6 6. c3 Nge7 7. g3 O-O 8. Bg2 b6 9. b4 Bxd4 10. cxd4 Ba6 11. Qd2 Qg6 12. a4 Bb7 13. d5 Ne5 14.
Qc3 Ng4 15. O-O c6 16. dxc6 Bxc6 17. Nd2 Rac8 18. Qd4 f5 19. b5 Nxe3 20. fxe3 Ba8 21. Qxd7 Qf6 22. Qxa7 Rfd8 23. Nb3 Rd3 24. Nd4 Rxe3 25.
Rad1 Bxe4 26. Bxe4 Rxe4 27. Qd7 Rf8 28. Nxf5 Nxf5 29.
Qd5+ Qe6 30. Qxe6+ Rxe6 31. g4 Ne3 32. Rxf8+ Kxf8 33.
Rd7 Nxg4 34. Rc7 Ne5 35. Kg2 Nd3 36. Kf3 Re7 37. Rc8+ Kf7 38. Rb8 Ne5+ 39. Kf2 Nc4 40. Rc8 Nb2 41. Ra8 Re4 42. a5 bxa5 43. b6 Rb4 0-1